AoeStats
← BigCozy101

Black Forest

509244540Analyzed
3v3 RM · 7d ago on Sep 26, 2026· 17m 17s· 6 players
Game mode
Random Map
Map size
Normal (6 player)
Population
200
Speed
Normal
Resources
Standard
Victory
Conquest
Starting age
Dark Age
Ending age
Imperial Age
RankedLock teamsTeams togetherTeam positionsShared explorationLock speedFull tech treeHidden civsTurbo modeCheats
Victory
Defeat
🇺🇸 Persians · United States
762
+38
🇺🇸 Britons · United States
604
+32
🇺🇸 Franks · United States
604
+31
🇨🇴 Saracens · Colombia
736
-28
🇨🇴 Varangians · Colombia
727
-25
🇨🇴 Mapuche · Colombia
715
-19
Jazzbum
11:31 Feudal Age
16:57 Castle Age
15:48 Loom
Gack13579
13:35 Feudal Age
14:02 Double-Bit Axe
15:18 Horse Collar
BigCozy101
4:32 Loom
11:40 Feudal Age
14:20 Horse Collar
15:36 Man-at-Arms
H3LIOS1234
4:53 Loom
14:13 Feudal Age
_szbastian_
10:39 Feudal Age
8:59 Loom
11:16 Double-Bit Axe
11:38 Horse Collar
xXKaNonXx
10:38 Loom
13:20 Feudal Age
Connection lost

Rejoining the realm…

Still unreachable

The connection could not be restored.

Session expired

The server has moved on; the page needs a fresh start.